 Dungeon Crawl Stone Soup version 0.31-a0-875-g02e7d12df6 (webtiles) character file.

Game seed: 758278527408319502

15 Danienth the Sneak (level 2, -1/13 HPs)
             Began as a Spriggan Enchanter on Oct 12, 2023.
             Was a Follower of Lugonu.
             Slain by a quokka (4 damage)
             ... on level 1 of the Dungeon.
             The game lasted 00:03:17 (452 turns).

Danienth the Sneak (Spriggan Enchanter)              Turns: 452, Time: 00:03:19

Health: -1/13      AC:  2    Str:  4    XL:     2   Next: 34%
Magic:  6/6        EV: 17    Int: 16    God:    Lugonu [*.....]
Gold:   23         SH:  0    Dex: 15    Spells: 4/6 levels left

rFire   . . .        a - +1 dagger
rCold   . . .        (no shield)
rNeg    . . .        b - +0 robe
rPois   .            (helmet restricted)
rElec   .            (no cloak)
rCorr   .            (gloves unavailable)
SInv    +            (boots unavailable)
Will    .....        (no amulet)
Stlth   +++          (no ring)
HPRegen 0.22/turn    (no ring)
MPRegen 0.10/turn

%: no passive effects
@: very quick
A: very small, no large weapons, unfitting armour, see invisible, speed 3
a: Renounce Religion, Depart the Abyss


You were on level 1 of the Dungeon.
You worshipped Lugonu.
Lugonu was aware of your devotion.
You visited 1 branch of the dungeon, and saw 1 of its levels.

You collected 23 gold pieces.

Inventory:

Hand Weapons
 a - a +1 dagger (weapon)
Armour
 b - a +0 robe (worn)
Scrolls
 d - a scroll of butterflies {unknown}
 e - 2 scrolls of identify {unknown}
Potions
 c - a potion of invisibility
 f - a potion of magic {unknown}


   Skills:
 * Level 2.7 Short Blades
 - Level 2.6 Dodging
 - Level 4.4 Stealth
 - Level 2.6 Spellcasting
 - Level 3.6 Hexes


You had 4 spell levels left.
You knew the following spells:

 Your Spells              Type           Power      Damage    Failure   Level
a - Ensorcelled Hibernat  Hex/Ice        14%        N/A       14%         2

Your spell library contained the following spells:

 Spells                   Type           Power      Damage    Failure   Level
 Confusing Touch          Hex            13%        N/A       13%         3
 Tukima's Dance           Hex            13%        N/A       13%         3
 Dazzling Flash           Conj/Hex       14%        N/A       28%         3


Dungeon Overview and Level Annotations

Branches:
Dungeon (1/15)

Altars:
Lugonu


Innate Abilities, Weirdness & Mutations

You are very small and have problems with some larger weapons.
You are too small for most types of armour.
You have supernaturally acute eyesight. (SInv)
You cover ground extremely quickly. (Speed+++)


Message History

The quokka is moderately wounded.
The quokka barely misses you.
Hit: a) +1 dagger
Press: ? - help, Dir - move target, f/p - quokka
Aim: a quokka (moderately wounded, about 44% to evade your +1 dagger)
You hit the quokka.
The quokka is heavily wounded.
The quokka closely misses you.
Hit: a) +1 dagger
Press: ? - help, Dir - move target, f/p - quokka
Aim: a quokka (heavily wounded, about 44% to evade your +1 dagger)
You hit the quokka.
The quokka is severely wounded.
The quokka closely misses you.
Hit: a) +1 dagger
Press: ? - help, Dir - move target, f/p - quokka
Aim: a quokka (severely wounded, about 44% to evade your +1 dagger)
You hit the quokka but do no damage.
The quokka is severely wounded.
The quokka closely misses you.
Hit: a) +1 dagger
Press: ? - help, Dir - move target, f/p - quokka
Aim: a quokka (severely wounded, about 44% to evade your +1 dagger)
You hit the quokka.
The quokka is almost dead.
The quokka bites you.
* * * LOW HITPOINT WARNING * * *
Hit: a) +1 dagger
Press: ? - help, Dir - move target, f/p - quokka
Aim: a quokka (almost dead, about 44% to evade your +1 dagger)
You barely miss the quokka.
The quokka is almost dead.
The quokka barely misses you.
Hit: a) +1 dagger
Press: ? - help, Dir - move target, f/p - quokka
Aim: a quokka (almost dead, about 44% to evade your +1 dagger)
You barely miss the quokka.
The quokka is almost dead.
The quokka bites you.
You die...

#....8.. #...⌠...⌠
.......... ###
###.8.8.##### #...
#..#..8..#.<.#
#...#####..# .8.8.#+#'#
#.........### .........
#....)..?...# #########
#....r@.######### #.###
####.##.#.......###...>
#. #.#######........ ..
#.## #######.. #.
#..#########..... ..
##............... .
#########.####.†
#..####..
########...†....


You could see a quokka.

Vanquished Creatures
  An endoplasm (D:1)
  2 giant cockroaches (D:1)
  A goblin (D:1)
  2 jackals (D:1)
  A kobold (D:1)
  2 quokkas (D:1)
  2 ball pythons (D:1)
  A frilled lizard (D:1)
  A rat (D:1)
13 creatures vanquished.

Notes
Turn   | Place    | Note
-------+----------+-------------------------------------------
     0 | D:1      | Danienth the Spriggan Enchanter began the quest for the
                  | Orb.
     0 | D:1      | Reached XP level 1. HP: 9/9 MP: 5/5
   227 | D:1      | Found a faded altar of an unknown god.
   254 | D:1      | Reached XP level 2. HP: 3/13 MP: 6/6
   295 | D:1      | Learned a level 2 spell: Ensorcelled Hibernation
   373 | D:1      | Prayed at the altar of an unknown god.
   373 | D:1      | Became a worshipper of Lugonu the Unformed
   373 | D:1      | Reached * piety under Lugonu
   452 | D:1      | Slain by a quokka

Illustrated notes

Levels and vault maps discovered:
D:1:      ncdulo_halloftheorcs, layout_rooms, dreamdust_ecumenical_altar_grove

Skill      XL: |  1 |
---------------+----+-----
Short Blades   | 2 |  2.7
Dodging        | |  2.6
Stealth        | |  4.4
Spellcasting   | |  2.6
Hexes          | |  3.6

Action                     || total
---------------------------++-------
  Melee: Dagger            ||    67
    Use: Potion            ||     1
   Stab: Sleeping          ||     3
         Invisible         ||     2
 Armour: Robe              ||    23
  Dodge: Dodged            ||    72

Table legend: (Time is in decaauts)
 A = Elapsed time spent in this place.
 B = Non-inter-level travel time spent in this place.
 C = Inter-level travel time spent in this place.
 D = Time resting spent in this place.
 E = Time spent auto-exploring this place.
 F = Levels seen in this place.
 G = Mean time per level.
                   A        B        C        D        E       F      G
               +--------+--------+--------+--------+--------+-----+--------+
         Total |    369 |    363 |      6 |    169 |     90 |   1 |  369.0 |
       Dungeon |    369 |    363 |      6 |    169 |     90 |   1 |  369.0 |
               +--------+--------+--------+--------+--------+-----+--------+

Top non-repeatable levels by time:
     D:1: 369 daAuts
